 Dungeon Crawl Stone Soup version 0.16-a0-3834-g51c8674 (webtiles) character file.

298305 ketsa the Eclecticist (level 20, -2/114 HPs)
             Began as a Deep Elf Earth Elementalist on Jan 18, 2015.
             Was the Champion of Vehumet.
             Killed from afar by a shadow dragon (53 damage)
             ... with a bolt of negative energy
             ... on level 4 of the Vaults on Jan 29, 2015.
             The game lasted 09:05:59 (83303 turns).

ketsa the Eclecticist (DEEE)                       Turns: 83303, Time: 09:06:00

Health: -2/114     AC:  8    Str:  9    XL:     20   Next: 46%
Magic:  43/58      EV: 24    Int: 39    God:    Vehumet [******]
Gold:   3737       SH:  0    Dex: 19    Spells: 13 memorised, 6 levels left

rFire  . . .     SeeInvis .     l - staff of power
rCold  + . .     Clarity  .     N - -1 robe of Eternal Vigilance {rElec rPois+ Slay+2}
rNeg   . . .     SustAb   +     (no shield)
rPois  +         Gourm    .     f - +1 hat {MR+}
rElec  +         Spirit   .     T - +0 cloak
rCorr  .         Warding  .     J - +0 pair of gloves
rMut   .         Stasis   .     K - +2 pair of boots of the Assassin {Stlth++}
MR     +++..                    k - amulet of regeneration
Stlth  ++++......               h - ring of Utyocve {SustAb Contam rC+ Str+4 Int+3 Dex+4}
                                x - +6 ring of intelligence

@: drained, extremely resistant to hostile enchantments, stealthy
A: no striking features
a: Renounce Religion
}: 1/15 runes: decaying


You were on level 4 of the Vaults.
You worshipped Vehumet.
Vehumet was exalted by your worship.
You were hungry.

You visited 10 branches of the dungeon, and saw 47 of its levels.
You also visited: Labyrinth and Volcano.

You collected 4277 gold pieces.
You spent 540 gold pieces at shops.

Inventory:

Armour
 f - a +1 hat of magic resistance (worn)
 j - a +2 hat of see invisible
 p - the +5 chain mail "Qemuh" {rElec rCorr MP+9}
   (You found it on level 4 of the Vaults)

   It insulates you from electricity.
   It affects your magic capacity (+9).
   It protects you from acid and corrosion.
 J - a +0 pair of gloves (worn)
 K - the +2 pair of boots of the Assassin (worn) {Stlth++}
   (You found it on level 2 of the Lair of Beasts)

   It makes you much more stealthy.
 N - the -1 robe of Eternal Vigilance (worn) {rElec rPois+ Slay+2}
   (You found it on level 1 of the Vaults)

   It affects your accuracy and damage with ranged weapons and melee attacks
   (+2).
   It insulates you from electricity.
   It protects you from poison.
 R - a +2 robe of magic resistance
 T - a +0 cloak (worn)
 Y - a +2 hat of intelligence
Magical staves
 l - an uncursed staff of power (weapon)
 t - an uncursed staff of earth
Jewellery
 b - an uncursed ring of wizardry
 h - the ring of Utyocve (right hand) {SustAb Contam rC+ Str+4 Int+3 Dex+4}
   (You found it on level 3 of the Swamp)

   [ring of sustain abilities]

   It sustains your strength, intelligence and dexterity.
   It affects your strength (+4).
   It affects your intelligence (+3).
   It affects your dexterity (+4).
   It protects you from cold.
   It causes magical contamination when unequipped.
 i - a +4 ring of evasion
 k - an amulet of regeneration (around neck)
 u - an uncursed ring of poison resistance
 x - a +6 ring of intelligence (left hand)
 z - an uncursed ring of stealth
 L - an uncursed ring of teleportation
 Q - an uncursed ring of fire
Magical devices
 g - a wand of hasting (5)
 s - a wand of teleportation (5)
 D - a wand of digging (13)
 H - a wand of slowing (34)
 M - a wand of teleportation (7)
Scrolls
 o - a scroll of silence
 q - a scroll of brand weapon
 w - 11 scrolls of identify
 y - 3 scrolls of amnesia
 A - 7 scrolls of fear
 B - a scroll of holy word
 C - 6 scrolls of fog
 G - 7 scrolls of remove curse
 O - 3 scrolls of magic mapping
 S - 2 scrolls of enchant weapon
 Z - 4 scrolls of teleportation
Potions
 c - 9 potions of magic
 m - 5 potions of agility
 n - 4 potions of flight
 r - 11 potions of curing
 v - 3 potions of might
 F - 9 potions of heal wounds
 I - 2 potions of haste
 U - 2 potions of cancellation
 V - 3 potions of brilliance
 W - 4 potions of restore abilities
Books
 d - a book of Geomancy

   Spells                             Type                      Level
   a - Sandblast                      Earth                        1
   b - Stoneskin                      Transmutation/Earth          2
   c - Passwall                       Transmutation/Earth          3
   d - Stone Arrow                    Conjuration/Earth            3
   e - Petrify                        Transmutation/Earth          4
   f - Lee's Rapid Deconstruction     Earth                        5
Miscellaneous
 e - a fan of gales
 E - a crystal ball of energy
Comestibles
 a - 17 bread rations
 P - 2 fruits
 X - 7 chunks of flesh


   Skills:
 + Level 8.9(7.9) Fighting
   Level 1.1(0.3) Short Blades
 - Level 5.3(4.5) Armour
 + Level 15.3(14.3) Dodging
 - Level 2.4(1.6) Stealth
 + Level 19.0(17.9) Spellcasting
 * Level 17.4(16.2) Conjurations
 - Level 13.3(12.3) Charms
 - Level 6.4(5.6) Necromancy
 - Level 7.8(6.9) Transmutations
 * Level 16.0(14.9) Fire Magic
 - Level 4.2(3.4) Air Magic
 - Level 13.5(12.5) Earth Magic
 - Level 5.1(4.2) Poison Magic
 - Level 10.0(9.1) Evocations


You had 6 spell levels left.
You knew the following spells:

 Your Spells              Type           Power        Failure   Level  Hunger
a - Sublimation of Blood  Necr           ######....   1%          2    None
b - Stoneskin             Trmt/Erth      #######.     1%          2    None
c - Stone Arrow           Conj/Erth      ######       0%          3    None
d - Shock                 Conj/Air       ####         0%          1    None
e - Mephitic Cloud        Conj/Pois/Air  #######.     1%          3    None
f - Conjure Flame         Conj/Fire      ########     0%          3    None
g - Iskenderun's Battles  Conj/Chrm      #######.     1%          5    None
h - Lee's Rapid Deconstr  Erth           #######...   1%          5    None
i - Petrify               Trmt/Erth      #######.     1%          4    None
j - Fireball              Conj/Fire      ########..   1%          5    None
k - Orb of Destruction    Conj           ########..   1%          7    #......
l - Iron Shot             Conj/Erth      #######...   1%          6    None
m - Bolt of Magma         Conj/Fire/Erth #######...   1%          5    None


Dungeon Overview and Level Annotations

Branches:
Dungeon (15/15)            Temple (1/1) D:4            Lair (8/8) D:11
  Swamp (5/5) Lair:4        Snake (5/5) Lair:5        Slime (2/6) Lair:6
    Orc (4/4) D:11            Elf (2/3) Orc:3        Vaults (4/5) D:13
 Depths (1/5) D:15
  Crypt: Vaults:2-3

Altars:
Ashenzari
Cheibriados
Dithmenos
Elyvilon
Fedhas
Gozag
Kikubaaqudgha
Makhleb
Nemelex Xobeh
Okawaru
Qazlal
Ru
Sif Muna
Trog
Vehumet
Xom
Yredelemnul
Zin
The Shining One
Beogh
Jiyva

Shops:
D:10 }   Orc:4 ?*::

Portals:
Hell: Depths:1
Trove: D:11 (show slimy rune of Zot)

Annotations:
D:3 exclusion: downstairs
D:5 exclusion: downstairs
D:7 exclusion: statue
D:9 exclusion: downstairs
Lair:4 exclusion: downstairs
Lair:5 exclusion: downstairs
Snake:2 exclusion: downstairs
Snake:4 exclusion: 2 downstairs
Slime:1 exclusion: downstairs


Message History

You see here a bolt.
The stone giant throws a large rock.
The large rock misses you. 2 ogres come into view.
Items here: ( )) [ † a mace; a ring mail; an arbalest; 12 bolts; a human corpse The ogre moves out of view.
The stone giant throws a large rock.
The large rock hits you!!!
You see here a large rock.
You are feeling hungry.
You see here 2 large rocks.
You see here 5 bolts.
There is an open door here.
Casting: Iron Shot
Confirm with . or Enter, or press ? or * to list all spells.
Aiming: Orb of Destruction
Press: ? - help, Shift-Dir - straight line, f - shadow dragon, p - stone giant
Aim: a shadow dragon The shadow dragon breathes negative energy at you.
The bolt of negative energy hits you!
You feel drained.
You die...

#........
##############........
#######............#.........
#..)))'........)...'...%..%..
#.....#[........)))#.........
#.(.).#.....<..)().#........
##(####....(.......#........
#.....#............####+####
#..#############@#### )..#..#
#....§...# ...#..# #....*...#
...'..# #........# )..#..#
#........# .###### #........#
.#....# #...(D...# .#....#
#...(C...# .#....# #...)....+


You could see a shadow dragon and a stone giant.

Vanquished Creatures
  the Lernaean hydra (Swamp:5)
  Norris (Snake:3)
  A titan (Vaults:4)
  3 liches
  3 acid blobs (Slime:1)
  A quicksilver dragon (Depths:1)
  2 sphinxes
  The ghost of BLOAX the Fighter, a mighty CeHu of Cheibriados (Vaults:2)
  2 storm dragons (Vaults:4)
  A thorn hunter (Swamp:5)
  Kirke (D:15)
  3 tengu reavers
  2 azure jellies (Slime:2)
  The ghost of trelanon the Cruncher, a mighty VSGl of Cheibriados (Vaults:1)
  Maud (Lair:4)
  An emperor scorpion (Depths:1)
  2 deep elf sorcerers (Elf:1)
  A frost giant (D:15)
  Aizul (Swamp:1)
  Louise (D:15)
  A caustic shrike zombie (D:15)
  7 vault wardens
  Gastronok (D:8)
  8 ironheart preservers
  4 stone giants
  2 deep elf demonologists (Elf:1)
  3 deep elf annihilators
  4 ettins
  A fire dragon (Vaults:2)
  Josephine (D:14)
  5 yaktaur captains
  A minotaur (Lab)
  4 vault guards
  12 ogre magi
  2 ice dragons
  A great orb of eyes (Vaults:3)
  Harold (D:15)
  20 hydras
  5 naga warriors
  A rakshasa (Vaults:2)
  A ghost crab (Swamp:2)
  11 alligators
  Erica (D:12)
  5 anacondas
  7 centaur warriors
  3 orc high priests (Orc:4)
  2 tengu warriors (D:15)
  6 naga sharpshooters
  A catoblepas (Lair:8)
  A deep troll shaman (Lair:8)
  13 death yaks
  A fire crab (shapeshifter) (Vaults:1)
  6 shock serpents
  2 flayed ghosts
  2 skeletal warriors (D:15)
  Erolcha (D:11)
  5 deep elf knights
  2 salamander mystics
  A fire crab (Vaults:4)
  16 swamp dragons
  3 naga ritualists
  A shambling mangrove (Swamp:5)
  2 deep trolls
  An unseen horror (D:10)
  A spriggan druid (Swamp:4)
  A necromancer (D:15)
  11 hill giants
  13 orc knights
  3 harpies (Vaults:2)
  6 deep elf summoners (Elf:1)
  11 ironbrand convokers
  12 deep elf conjurers
  5 orc sorcerers
  2 wolf spider zombies
  27 ugly things
  An oklob plant (Lair:8)
  A phantasmal warrior (Vaults:2)
  A frost giant zombie (D:15)
  9 griffons
  A shining eye (Slime:2)
  A draconian (shapeshifter) (Vaults:2)
  4 mana vipers
  A manticore (D:15)
  4 wolf spiders
  4 cyclopes
  2 wizards (Vaults:1)
  9 salamanders
  2 hornets
  A gargoyle (D:15)
  A toenail golem (Volcano)
  A guardian serpent (Snake:4)
  Maurice (Orc:3)
  10 naga magi
  25 black mambas
  7 vault sentinels
  Joseph (Orc:4)
  3 molten gargoyles (Volcano)
  20 elephants
  A torpor snail (Lair:5)
  A queen ant (Lair:3)
  8 komodo dragons
  Psyche (D:11)
  An orange demon (D:13)
  2 elves (shapeshifter)
  A yaktaur (shapeshifter) (Vaults:3)
  18 spiny frogs
  2 kobold demonologists
  An efreet (D:15)
  A jumping spider (Elf:1)
  6 trolls
  4 freezing wraiths
  28 yaktaurs
  2 queen bees (shapeshifter)
  3 polar bears
  6 deep elf priests
  A queen bee (D:15)
  Sonja (D:12)
  4 giant leeches
  4 fire drakes
  17 two-headed ogres
  A minotaur skeleton (D:15)
  42 slime creatures
  2 boulder beetles
  A trapdoor spider zombie (D:14)
  A fire vortex (Volcano)
  A blink frog (shapeshifter) (Elf:1)
  16 ravens
  13 blink frogs
  10 baby alligators
  9 bog bodies
  A basilisk (Lair:1)
  5 shadows
  A tarantella (Elf:1)
  12 spriggans
  An ettin skeleton (D:15)
  5 hogs
  11 hippogriffs
  6 wyverns
  4 redbacks
  6 wargs
  64 yaks
  A fire bat (Volcano)
  4 wraiths
  A chaos spawn (Orc:4)
  13 deep elf fighters
  20 deep elf magi
  2 humans (D:13)
  2 fire elementals (Volcano)
  A yaktaur simulacrum (Vaults:1)
  5 hungry ghosts
  9 soldier ants (Lair:3)
  37 swamp worms
  48 nagas
  A steam dragon (D:13)
  27 wolves
  15 insubstantial wisps
  A redback simulacrum (D:14)
  21 vampire mosquitoes
  2 mottled dragons
  3 eyes of draining
  A spider (shapeshifter) (D:13)
  38 water moccasins
  2 black bears
  28 orc warriors
  18 swamp drakes
  4 ice beasts
  8 sky beasts
  5 phantoms
  12 wasps
  46 ogres
  9 porcupines
  2 necrophages
  16 crocodiles
  2 boring beetles (Lair:7)
  11 centaurs
  Sigmund (D:7)
  30 giant frogs
  2 wyvern zombies (D:14)
  A gnoll sergeant (D:9)
  5 big kobolds
  A wyvern skeleton (D:12)
  4 scorpions (D:6)
  29 killer bees
  An electric eel (Lair:4)
  5 jellies
  2 lava snakes (Volcano)
  13 crimson imps
  5 hounds
  A giant frog zombie (D:5)
  30 orc priests
  4 centaur zombies
  4 goliath beetles
  A wasp zombie (D:11)
  6 centaur skeletons
  11 iguanas
  4 giant frog skeletons
  39 orc wizards
  33 worker ants
  Natasha (thrice) (D:3)
  2 hell rats (Elf:1)
  40 sheep
  Ijyb (D:6)
  A hound zombie (D:8)
  7 gnolls
  Robin (D:1)
  75 river rats
  2 worker ant zombies
  35 adders
  7 shadow imps
  6 giant mites
  7 worms
  3 adder skeletons
  An orc skeleton (Orc:4)
  217 orcs
  14 bats
  A bat skeleton (D:6)
  10 giant cockroaches
  28 hobgoblins
  8 jackals
  25 kobolds
  An ooze (D:1)
  18 quokkas
  5 ball pythons
  6 giant geckos
  A giant gecko skeleton (D:7)
  8 giant newts
  28 goblins
  An orc zombie (Orc:4)
  19 rats
  2 rat zombies (D:4)
  2 ballistomycetes (D:15)
  9 fungi
  A plant (Lair:5)
1977 creatures vanquished.

Vanquished Creatures (others)
  A deep elf conjurer (Elf:1)
  A human (D:15)
  An ogre (Vaults:2)
  A giant spore (D:15)
  A ballistomycete (D:15)
  29 fungi
  4 plants
38 creatures vanquished.

Grand Total: 2015 creatures vanquished

Notes
Turn   | Place    | Note
--------------------------------------------------------------
     0 | D:1      | ketsa, the Deep Elf Earth Elementalist, began the quest for the Orb.
     0 | D:1      | Reached XP level 1. HP: 10/10 MP: 5/5
   372 | D:1      | Reached XP level 2. HP: 15/15 MP: 6/8
   376 | D:1      | Learned a level 2 spell: Stoneskin
  1431 | D:2      | Reached skill level 4 in Spellcasting
  1431 | D:2      | Reached XP level 3. HP: 19/19 MP: 5/12
  1518 | D:2      | Reached skill level 1 in Short Blades
  1559 | D:2      | Noticed Robin
  1846 | D:2      | Learned a level 3 spell: Stone Arrow
  2078 | D:2      | Reached XP level 4. HP: 20/24 MP: 7/15
  2670 | D:1      | Killed Robin
  2974 | D:3      | Reached skill level 1 in Conjurations
  2974 | D:3      | Reached XP level 5. HP: 22/28 MP: 13/18
  3083 | D:3      | Reached skill level 5 in Spellcasting
  4251 | D:3      | Reached XP level 6. HP: 32/32 MP: 13/21
  4951 | D:4      | Noticed an ogre
  4981 | D:4      | Reached skill level 6 in Spellcasting
  5328 | D:3      | Noticed Natasha
  5351 | D:3      | Killed Natasha
  5632 | D:3      | Noticed Natasha
  5641 | D:3      | Killed Natasha
  5882 | D:3      | Noticed Natasha
  5883 | D:3      | Killed Natasha
  6380 | D:3      | Reached XP level 7. HP: 36/36 MP: 13/24
  6708 | D:4      | Killed an ogre
  6708 | D:4      | Reached skill level 5 in Dodging
  6708 | D:4      | Reached skill level 5 in Earth Magic
  6884 | D:4      | Found a glowing golden altar of the Shining One.
  6941 | D:4      | Found a staircase to the Ecumenical Temple.
  6948 | Temple   | Entered the Ecumenical Temple
  7582 | D:4      | Found a burning altar of Makhleb.
  7725 | D:5      | Entered Level 5 of the Dungeon
  7850 | D:5      | Reached skill level 7 in Spellcasting
  7854 | D:5      | Found a blossoming altar of Fedhas.
  8168 | D:5      | Noticed a moth of wrath
  8170 | D:5      | Found a bloodstained altar of Trog.
  8572 | D:5      | Reached skill level 5 in Conjurations
  8572 | D:5      | Reached XP level 8. HP: 18/41 MP: 9/26
  9419 | D:5      | Found a shimmering altar of Xom.
  9419 | D:5      | Found a shimmering altar of Xom.
  9420 | D:5      | Found a shimmering altar of Xom.
  9673 | D:5      | Found a shimmering altar of Xom.
  9733 | D:5      | Got a dazzling ring mail
  9747 | D:5      | Identified the +5 ring mail "Hyijer Hivi" {rF+ Regen+ rCorr Str+4} (You found it on level 5 of the Dungeon)
 10181 | D:5      | Reached skill level 1 in Fighting
 10301 | D:6      | Reached skill level 8 in Spellcasting
 10901 | D:6      | Found an opulent altar of Gozag.
 11087 | D:6      | Noticed Ijyb
 11099 | D:6      | Killed Ijyb
 11137 | D:6      | Reached XP level 9. HP: 38/48 MP: 23/29
 11898 | D:7      | Noticed Sigmund
 12019 | D:7      | Found a radiant altar of Vehumet.
 12028 | D:7      | Became a worshipper of Vehumet
 12479 | D:7      | Reached skill level 9 in Spellcasting
 12964 | D:7      | Killed Sigmund
 13137 | D:8      | Noticed Gastronok
 13207 | D:7      | Acquired Vehumet's first power
 13207 | D:7      | Offered knowledge of Shock by Vehumet.
 13210 | D:7      | Learned a level 1 spell: Shock
 14072 | D:8      | Killed Gastronok
 14072 | D:8      | Reached XP level 10. HP: 54/56 MP: 6/31
 14296 | D:8      | Found an iron altar of Okawaru.
 14297 | D:8      | Reached skill level 10 in Spellcasting
 14560 | D:8      | Offered knowledge of Throw Flame by Vehumet.
 15403 | D:9      | Identified 2 scrolls of acquirement
 15758 | D:9      | Offered knowledge of Mephitic Cloud by Vehumet.
 15860 | D:9      | Learned a level 3 spell: Mephitic Cloud
 16225 | D:9      | Acquired Vehumet's second power
 16225 | D:9      | Reached skill level 1 in Air Magic
 16251 | D:10     | Entered Level 10 of the Dungeon
 16284 | D:10     | Noticed a hill giant
 16479 | D:10     | Reached skill level 1 in Poison Magic
 16706 | D:10     | Offered knowledge of Conjure Flame by Vehumet.
 16711 | D:10     | Learned a level 3 spell: Conjure Flame
 16740 | D:10     | Noticed a hill giant
 17106 | D:10     | Killed a hill giant
 17132 | D:10     | Reached skill level 1 in Fire Magic
 17224 | D:11     | Reached XP level 11. HP: 49/62 MP: 32/32
 17239 | D:11     | Noticed a hill giant
 17239 | D:11     | Reached skill level 11 in Spellcasting
 17247 | D:11     | Killed a hill giant
 17379 | D:11     | Found a portal to a secret trove of treasure.
 17403 | D:11     | Noticed Psyche
 17406 | D:11     | Killed Psyche
 17565 | D:11     | Noticed a hill giant
 17571 | D:11     | Killed a hill giant
 17571 | D:11     | Acquired Vehumet's third power
 17783 | D:11     | Noticed Erolcha
 17969 | D:11     | Offered knowledge of Iskenderun's Battlesphere by Vehumet.
 17969 | D:11     | Reached skill level 5 in Fighting
 17976 | D:11     | Learned a level 5 spell: Iskenderun's Battlesphere
 18107 | D:11     | Killed Erolcha
 18149 | D:11     | Found a staircase to the Orcish Mines.
 18211 | Orc:1    | Entered Level 1 of the Orcish Mines
 18227 | D:11     | Found a staircase to the Lair.
 18415 | Lair:1   | Entered Level 1 of the Lair of Beasts
 18829 | Lair:2   | Found a labyrinth entrance.
 18853 | Lab      | Entered a labyrinth
 20263 | Lab      | Learned a level 5 spell: Lee's Rapid Deconstruction
 20696 | Lab      | Noticed a minotaur
 20702 | Lab      | Killed a minotaur
 20702 | Lab      | Reached skill level 1 in Charms
 21051 | Lair:2   | Offered knowledge of Orb of Destruction by Vehumet.
 22141 | Lair:2   | Noticed a four-headed hydra
 22148 | Lair:2   | Killed a four-headed hydra
 22646 | Lair:2   | Reached XP level 12. HP: 69/69 MP: 34/34
 22684 | Lair:2   | Upgraded the game from 0.16-a0-3699-g1c51eb1 to 0.16-a0-3708-g05dc7d7
 23258 | Lair:3   | Reached skill level 5 in Poison Magic
 23565 | Lair:3   | Reached skill level 10 in Earth Magic
 23684 | Lair:3   | Reached skill level 12 in Spellcasting
 23850 | Lair:4   | Offered knowledge of Bolt of Fire by Vehumet.
 24261 | Lair:4   | Noticed Maud
 24362 | Lair:4   | Killed Maud
 24362 | Lair:4   | Reached skill level 5 in Fire Magic
 24906 | Lair:4   | Reached skill level 10 in Conjurations
 24994 | Lair:4   | Found a staircase to the Swamp.
 25359 | Swamp:1  | Entered Level 1 of the Swamp
 25401 | Lair:4   | Reached skill level 5 in Charms
 25928 | Lair:5   | Found a dark tunnel.
 25944 | Volcano  | Entered a volcano
 26216 | Volcano  | Found a bloodstained altar of Trog.
 26431 | Volcano  | Reached skill level 5 in Transmutations
 26788 | Lair:5   | Noticed a naga warrior
 26919 | Lair:5   | Reached XP level 13. HP: 75/75 MP: 36/36
 26971 | Lair:5   | Reached skill level 1 in Evocations
 27196 | Lair:5   | Killed a naga warrior
 27648 | Lair:5   | Offered knowledge of Poison Arrow by Vehumet.
 27677 | Lair:5   | Found a staircase to the Snake Pit.
 27722 | Snake:1  | Entered Level 1 of the Snake Pit
 28176 | Lair:5   | Learned a level 4 spell: Petrify
 30080 | Lair:1   | Offered knowledge of Venom Bolt by Vehumet.
 30313 | Lair:1   | Noticed a six-headed hydra
 30318 | Lair:1   | Killed a six-headed hydra
 30318 | Lair:1   | Reached skill level 5 in Evocations
 30719 | Lair:1   | Learned a level 5 spell: Fireball
 31397 | D:10     | Noticed a hill giant
 31408 | D:10     | Killed a hill giant
 31478 | D:10     | Found Skeeddoveal's Gadget Shop.
 31512 | D:10     | Noticed an orc knight
 31559 | D:10     | Killed an orc knight
 31746 | D:10     | Found a roughly hewn altar of Beogh.
 31746 | D:10     | Found a staircase to the Orcish Mines.
 31863 | D:10     | Noticed a hill giant
 31869 | D:10     | Killed a hill giant
 32304 | D:9      | Offered knowledge of Bolt of Cold by Vehumet.
 32570 | D:10     | Killed a hill giant
 32899 | D:10     | Noticed an unseen horror
 32903 | D:10     | Killed an unseen horror
 33297 | D:12     | Noticed Sonja
 33303 | D:12     | Killed Sonja
 33478 | D:12     | Noticed Erica
 33789 | D:13     | Reached XP level 14. HP: 73/80 MP: 9/37
 34110 | D:15     | Entered Level 15 of the Dungeon
 36065 | D:12     | Killed Erica
 36163 | D:12     | Offered knowledge of Iron Shot by Vehumet.
 37390 | D:13     | Found a gate to the Vaults.
 37573 | D:14     | Noticed Josephine
 37574 | D:14     | Killed Josephine
 38382 | D:14     | Got a smoking robe
 38393 | D:14     | Identified the +0 robe of the Other World {rN- Dex+4} (You found it on level 14 of the Dungeon)
 38720 | D:14     | Offered knowledge of Spellforged Servitor by Vehumet.
 39638 | Orc:3    | Found a staircase to the Elven Halls.
 39705 | Orc:4    | Entered Level 4 of the Orcish Mines
 39755 | Orc:3    | Found a roughly hewn altar of Beogh.
 39790 | Orc:3    | Noticed Maurice
 39796 | Orc:3    | Killed Maurice
 40175 | Orc:3    | Reached skill level 10 in Charms
 40459 | Orc:3    | Offered knowledge of Fire Storm by Vehumet.
 40459 | Orc:3    | Offered knowledge of Glaciate by Vehumet.
 40459 | Orc:3    | Offered knowledge of Chain Lightning by Vehumet.
 40702 | Orc:2    | Upgraded the game from 0.16-a0-3708-g05dc7d7 to 0.16-a0-3736-g4b94454
 40969 | Orc:2    | Found a roughly hewn altar of Beogh.
 41412 | Elf:1    | Entered Level 1 of the Elven Halls
 42728 | Orc:4    | Noticed Joseph
 42728 | Orc:4    | Reached skill level 10 in Dodging
 42733 | Orc:4    | Killed Joseph
 43205 | Orc:4    | Reached XP level 15. HP: 86/86 MP: 5/37
 44156 | Orc:4    | Found Usavuh's Magic Scroll Boutique.
 44165 | Orc:4    | Found Steseism's Book Shoppe.
 44167 | Orc:4    | Found Mnuluuw's Book Shoppe.
 44172 | Orc:4    | Found Dutt's General Store.
 44235 | Orc:4    | Bought a book of Power for 540 gold pieces
 44262 | Orc:4    | Learned a level 7 spell: Orb of Destruction
 45066 | Lair:6   | Reached skill level 13 in Spellcasting
 45955 | Lair:6   | Found a staircase to the Slime Pits.
 46347 | Lair:6   | Found a viscous altar of Jiyva.
 47137 | Slime:1  | Entered Level 1 of the Pits of Slime
 47137 | Slime:1  | Noticed an acid blob
 48277 | Lair:7   | Reached skill level 10 in Fire Magic
 48564 | Lair:8   | Entered Level 8 of the Lair of Beasts
 50243 | Lair:8   | Reached skill level 14 in Spellcasting
 52043 | Snake:2  | Reached XP level 16. HP: 57/92 MP: 38/39
 53331 | Snake:3  | Upgraded the game from 0.16-a0-3736-g4b94454 to 0.16-a0-3770-gc215ce9
 54411 | Snake:3  | Noticed Norris
 54941 | Snake:3  | Killed Norris
 55546 | Snake:4  | Reached skill level 15 in Spellcasting
 57478 | Swamp:1  | Noticed Aizul
 57485 | Swamp:1  | Killed Aizul
 57963 | Lair:4   | Got a jewelled quarterstaff
 57964 | Lair:4   | Lost strength.
 57964 | Lair:4   | Identified the +1 quarterstaff of Pnavut {pain, +Fly rPois- rC+ rN+ Str-6 Dex+2} (You found it on level 4 of the Lair of Beasts)
 58028 | Lair:4   | Learned a level 6 spell: Iron Shot
 59240 | Swamp:2  | Reached XP level 17. HP: 82/96 MP: 21/40
 59531 | Swamp:3  | Reached skill level 10 in Evocations
 59647 | Swamp:3  | Got a transparent iron ring
 59657 | Swamp:3  | Identified the ring of Utyocve {SustAb Contam rC+ Str+4 Int+3 Dex+4} (You found it on level 3 of the Swamp)
 62735 | Swamp:4  | Upgraded the game from 0.16-a0-3770-gc215ce9 to 0.16-a0-3789-g74483ed
 62735 | Swamp:4  | Upgraded the game from 0.16-a0-3789-g74483ed to 0.16-a0-3820-g492871e
 63878 | Swamp:5  | Entered Level 5 of the Swamp
 64192 | Swamp:5  | Reached skill level 16 in Spellcasting
 65642 | Swamp:5  | Noticed the 27-headed Lernaean hydra
 65651 | Swamp:5  | Killed the 27-headed Lernaean hydra
 66069 | Swamp:5  | Got a decaying rune of Zot
 67504 | Snake:5  | Entered Level 5 of the Snake Pit
 68186 | Snake:5  | Reached XP level 18. HP: 101/101 MP: 42/42
 68945 | D:15     | Found a white marble altar of Elyvilon.
 68964 | D:15     | Reached skill level 15 in Conjurations
 69136 | D:15     | Noticed Kirke
 69357 | D:15     | Killed Kirke
 69516 | D:15     | Noticed Louise
 69521 | D:15     | Killed Louise
 70394 | D:15     | Found a staircase to the Depths.
 70481 | D:15     | Reached skill level 17 in Spellcasting
 70596 | D:15     | Noticed a frost giant
 70600 | D:15     | Noticed Harold
 70842 | D:14     | Upgraded the game from 0.16-a0-3820-g492871e to 0.16-a0-3832-g18ec49b
 70861 | D:15     | Learned a level 5 spell: Bolt of Magma
 70902 | D:15     | Killed a frost giant
 71725 | D:15     | Killed Harold
 72836 | Lair:2   | Got a ripped robe
 72847 | Lair:2   | Identified the +0 robe of Defence {+Fly rElec rPois+ rC- Str+4} (You acquired it on level 2 of the Lair of Beasts)
 72872 | Lair:2   | Learned a level 2 spell: Sublimation of Blood
 73380 | Elf:1    | Reached skill level 1 in Armour
 73488 | Elf:1    | Reached skill level 1 in Necromancy
 73526 | Elf:1    | Identified Jileniax's Compendium of Calling
 73995 | Elf:2    | Found a radiant altar of Vehumet.
 74500 | Elf:1    | Noticed a deep elf sorcerer
 74504 | Elf:1    | Killed a deep elf sorcerer
 74788 | Slime:1  | Killed an acid blob
 74820 | Slime:1  | Noticed an acid blob
 74820 | Slime:1  | Noticed an acid blob
 74823 | Slime:1  | Killed an acid blob
 74825 | Slime:1  | Killed an acid blob
 75265 | Depths:1 | Entered Level 1 of the Depths
 75446 | Depths:1 | Found a gateway to Hell.
 75515 | Depths:1 | Reached skill level 5 in Necromancy
 75816 | Vaults:1 | Entered Level 1 of the Vaults
 75816 | Vaults:1 | Upgraded the game from 0.16-a0-3832-g18ec49b to 0.16-a0-3834-g51c8674
 76027 | Vaults:1 | Noticed trelanon's ghost (mighty VSGl)
 76043 | Vaults:1 | Killed trelanon's ghost
 76253 | Vaults:1 | Reached XP level 19. HP: 105/105 MP: 43/43
 76436 | Vaults:1 | Found a radiant altar of Vehumet.
 76455 | Vaults:1 | Got a brightly glowing robe
 76466 | Vaults:1 | Identified the cursed -1 robe of Eternal Vigilance {rElec rPois+ Slay+2} (You found it on level 1 of the Vaults)
 76669 | Vaults:1 | Reached skill level 18 in Spellcasting
 79196 | Vaults:2 | Noticed BLOAX's ghost (mighty CeHu)
 79237 | Vaults:2 | Killed BLOAX's ghost
 79457 | Vaults:2 | Reached skill level 5 in Armour
 79802 | Vaults:2 | Reached skill level 15 in Fire Magic
 80955 | Vaults:2 | Reached skill level 15 in Dodging
 81738 | Vaults:3 | Reached XP level 20. HP: 97/114 MP: 11/44
 82317 | Vaults:4 | Got a shimmering chain mail
 82386 | Vaults:4 | Identified the +5 chain mail "Qemuh" {rElec rCorr MP+9} (You found it on level 4 of the Vaults)
 82782 | Vaults:4 | Reached skill level 19 in Spellcasting
 83303 | Vaults:4 | Killed from afar by a shadow dragon

Action                   |  1- 3 |  4- 6 |  7- 9 | 10-12 | 13-15 | 16-18 | 19-21 || total
-------------------------+-------+-------+-------+-------+-------+-------+-------++-------
Melee: Short sword       |     7 |       |       |       |       |       |       ||     7
       Hand axe          |       |    30 |       |       |       |       |       ||    30
       Dagger            |       |    10 |    91 |    63 |       |       |       ||   164
       Staff             |       |       |       |    74 |    95 |    19 |       ||   188
Throw: Stone             |       |     8 |     1 |       |       |       |       ||     9
 Cast: Sandblast         |    92 |   196 |   242 |   137 |    46 |       |       ||   713
       Stone Arrow       |       |    39 |   132 |   468 |   770 |   325 |    12 ||  1746
       Stoneskin         |       |       |     1 |     3 |     2 |     4 |    12 ||    22
       Mephitic Cloud    |       |       |       |    25 |    13 |       |       ||    38
       Lee's Rapid Decon |       |       |       |    16 |   211 |    31 |       ||   258
       Iskenderun's Batt |       |       |       |     4 |    75 |   107 |    20 ||   206
       Shock             |       |       |       |    25 |    21 |       |       ||    46
       Petrify           |       |       |       |       |    89 |       |       ||    89
       Fireball          |       |       |       |       |    98 |    95 |    79 ||   272
       Conjure Flame     |       |       |       |       |     3 |       |     2 ||     5
       Orb of Destructio |       |       |       |       |     6 |    68 |    34 ||   108
       Iron Shot         |       |       |       |       |       |   391 |   234 ||   625
       Sublimation of Bl |       |       |       |       |       |    20 |    74 ||    94
       Bolt of Magma     |       |       |       |       |       |     3 |    28 ||    31
Evoke: Wand              |       |       |       |     8 |       |     2 |       ||    10
       Rod               |       |       |       |     1 |       |       |       ||     1
       Crystal ball of e |       |       |       |       |     1 |    11 |     6 ||    18
  Use: Scroll            |       |     7 |     2 |    26 |     9 |    15 |     6 ||    65
       Potion            |       |       |     1 |     1 |     1 |     2 |     2 ||     7
 Stab: Sleeping          |       |     3 |     1 |     1 |     2 |       |       ||     7
  Eat: Chunk             |     3 |    14 |    23 |    21 |    57 |    47 |    19 ||   184
       Fruit             |       |       |     1 |     8 |       |     4 |       ||    13
       Pizza             |       |       |       |     1 |     3 |     1 |       ||     5
       Bread ration      |       |       |       |     3 |     2 |     3 |       ||     8
       Meat ration       |       |       |       |       |     6 |     6 |     2 ||    14
       Beef jerky        |       |       |       |       |     1 |     3 |       ||     4
       Royal jelly       |       |       |       |       |       |       |     1 ||     1
